 Dungeon Crawl Stone Soup version 0.28-a0-664-gc179e30c89 (webtiles) character file.

Game seed: 2157077834828129190

930 acebull12 the Magician (level 8, -1/56 HPs)
             Began as a Djinni Fire Elementalist on Oct 17, 2021.
             Engulfed by a cloud of freezing vapour (25 damage)
             ... on level 5 of the Dungeon.
             The game lasted 00:19:51 (8070 turns).

acebull12 the Magician (Djinni Fire Elementalist)   Turns: 8070, Time: 00:19:51

Health: -1/56      AC:  4    Str:  7    XL:     8   Next: 32%
Gold:   167        EV: 12    Int: 19    God:
                   SH:  0    Dex: 14

rFire   + + .      SeeInvis .   (no weapon)
rCold   x . .      Faith    .   (no shield)
rNeg    . . .      Spirit   .   t - +0 leather armour
rPois   ∞          Reflect  .   (no helmet)
rElec   .          Harm     .   (no cloak)
rCorr   .          Rampage  .   e - +0 pair of gloves
Will    .....                   (boots unavailable)
Stlth   ++........              (no amulet)
HPRegen 0.18/turn               m - ring of wizardry
MPRegen 0.00/turn               (no ring)

@: flying
A: sickness immunity, fire resistance 2, cold vulnerability 1, float, innate
caster, hp casting, extra vitality 1
a: no special abilities


You were on level 5 of the Dungeon.
You visited 1 branch of the dungeon, and saw 5 of its levels.

You collected 167 gold pieces.

Inventory:

Missiles
 b - 196 stones
 r - a throwing net
Armour
 a - a +0 robe
 e - a +0 pair of gloves (worn)
 t - a +0 leather armour (worn)
Jewellery
 m - a ring of wizardry (left hand)
Wands
 y - a wand of charming (11)
Scrolls
 c - a scroll of acquirement {unknown}
 d - 3 scrolls of teleportation {unknown}
 f - a scroll of silence {unknown}
 g - 7 scrolls of identify {unknown}
 i - a scroll of magic mapping {unknown}
 k - 4 scrolls of noise {unknown}
 n - a scroll of vulnerability {unknown}
 q - a scroll of amnesia {unknown}
 s - a scroll of fog {unknown}
 u - a scroll of enchant weapon {unknown}
 z - a scroll of brand weapon {unknown}
 A - a scroll of fear {unknown}
 C - a scroll of blinking {unknown}
Potions
 h - a potion of flight {unknown}
 j - 2 potions of might {unknown}
 l - a potion of lignification {unknown}
 o - a potion of heal wounds {unknown}
 p - a potion of resistance {unknown}
 v - a potion of degeneration {unknown}
 w - a potion of haste
 x - 2 potions of curing {unknown}
 B - a potion of invisibility {unknown}


   Skills:
 * Level 3.4 Fighting
 + Level 2.3 Armour
 - Level 2.5 Dodging
 + Level 2.1 Stealth
 + Level 6.2 Spellcasting


You couldn't memorise any spells.
You knew the following spells:

 Your Spells              Type           Power      Damage    Failure   Level
a - Foxfire               Conj/Fire      100%       2x1d9     1%          1
b - Scorch                Fire           58%        2d8       1%          2
c - Conjure Flame         Conj/Fire      29%        6-21      1%          3
d - Inner Flame           Hex/Fire       29%        N/A       1%          3
e - Flame Wave            Conj/Fire      29%        3d7       4%          4
f - Sting                 Tmut/Pois      100%       1d8       1%          1
g - Call Imp              Summ           29%        N/A       1%          2
h - Dazzling Flash        Conj/Hex       58%        N/A       1%          3
Your spell library was empty.

Dungeon Overview and Level Annotations

Branches:
Dungeon (5/15)
 Temple: D:4-7

Altars:
The Shining One

Shops:
D:3 [   D:4 (


Innate Abilities, Weirdness & Mutations

You are immune to sickness and miasma.
You are immune to poison.
Your flesh is very heat resistant. (rF++)
You are vulnerable to cold. (rC-)
You float through the air rather than walking.
You learn spells naturally, not from books.
Your magical power is your life essence.
You have superior vitality. (+4 HP)


Message History

You destroy the water moccasin zombie!
Your foxfire dissipates!
Your foxfire dissipates! x2
B - a fizzy ruby potion
Found an escape hatch in the floor.
There is an escape hatch in the floor here.
There is an escape hatch in the floor here.
C - a scroll labelled ZUNABU FOEG You now have 167 gold pieces (gained 14).
Partly explored, can't reach some items.
Partly explored, can't reach some items.
You see here 4 boomerangs.
You reach down and open the door.
There is an open door here.
Really fly into a travel-excluded area? [Y]es or [N]o only, please.
Really fly into a travel-excluded area? [Y]es or [N]o only, please.
Really fly into a travel-excluded area? [Y]es or [N]o only, please.
Really fly into a travel-excluded area?
Okay, then.
Press: ? - help, v - describe, . - travel, g - get item Item here: a wooden wand.
The floor.
Unknown command.
Really fly into a travel-excluded area?
You are engulfed in freezing vapours.
Ouch! That really hurt!
There is an open door here.
You start resting.
HP restored.
Really fly into a travel-excluded area? [Y]es or [N]o only, please.
Really fly into a travel-excluded area?
There is an open door here.
You are engulfed in freezing vapours.
Ouch! That really hurt!
You are engulfed in freezing vapours.
You die...

#.#..........##......(..###.#.###
#>#..........##.........# #.#.#
#.#..........##.........# #.#.#
#.#..........##.........# #.#.#
#.#..........##.........# #.#.#
#.##.##########.........###.#.#
#.##.##########..........##.#.#
#.##.###################'##.#.#
#.##.##........☼@☼☼☼☼☼☼☼..#.#.#
#.##.##.###################.#.#
#.##.##.☼☼.☼☼☼.......$}(!/#.#.#
#.##.######################.#.#
#.............#############.#.#
####.########.# #.#.# #.# #.#
#.#.# #.# #.# #...# #.# ####.#
#####


There were no monsters in sight!

Vanquished Creatures
  Sigmund (D:2)
  An ice beast (D:5)
  A black bear (D:5)
  An ogre (D:5)
  A water moccasin zombie (D:5)
  2 scorpions (D:5)
  A howler monkey (D:5)
  A centaur zombie (D:5)
  A centaur skeleton (D:5)
  Natasha (twice) (D:4)
  2 orc wizards
  3 adders
  An adder skeleton (D:4)
  2 worms
  3 dart slugs
  11 orcs
  7 endoplasms
  4 giant cockroaches
  7 goblins
  7 hobgoblins
  3 jackals (D:1)
  4 quokkas
  6 ball pythons
  7 bats
  4 frilled lizards
  4 kobolds
  4 rats
91 creatures vanquished.

Vanquished Creatures (collateral kills)
  A hobgoblin (D:2)
  A rat (D:2)
  A foxfire (D:3)
3 creatures vanquished.

Vanquished Creatures (others)
  450 foxfires
  6 plants (D:3)
456 creatures vanquished.

Grand Total: 550 creatures vanquished

Notes
Turn   | Place    | Note
-------+----------+-------------------------------------------
     0 | D:1      | acebull12 the Djinni Fire Elementalist began the quest for
                  | the Orb.
     0 | D:1      | Reached XP level 1. HP: 15/15 MP: 0/0
   502 | D:1      | Reached XP level 2. HP: 16/21 MP: 0/0
  1093 | D:1      | Reached skill level 3 in Spellcasting
  1097 | D:1      | Reached XP level 3. HP: 18/25 MP: 0/0
  1097 | D:1      | Learned a level 1 spell: Sting
  2394 | D:2      | Reached XP level 4. HP: 26/31 MP: 0/0
  2855 | D:2      | Reached skill level 1 in Fighting
  3042 | D:2      | Noticed Sigmund
  3048 | D:2      | Killed Sigmund
  3049 | D:2      | Reached skill level 4 in Spellcasting
  3049 | D:2      | Reached XP level 5. HP: 9/38 MP: 0/0
  3049 | D:2      | Learned a level 2 spell: Call Imp
  3049 | D:2      | Reached XP level 6. HP: 10/43 MP: 0/0
  3421 | D:2      | Found a glowing golden altar of the Shining One.
  3735 | D:3      | Found Uqah's Armour Shop.
  4330 | D:3      | Found a faded altar of an unknown god.
  5299 | D:4      | Noticed Natasha
  5308 | D:4      | Killed Natasha
  5431 | D:4      | Reached skill level 5 in Spellcasting
  5541 | D:4      | Found Bushruisotz's Antique Weapon Shoppe.
  5563 | D:4      | Noticed Natasha
  5568 | D:4      | Killed Natasha
  5569 | D:4      | Reached XP level 7. HP: 32/49 MP: 0/0
  5569 | D:4      | Learned a level 3 spell: Dazzling Flash
  5862 | D:5      | Entered Level 5 of the Dungeon
  6304 | D:5      | Reached skill level 1 in Armour
  6934 | D:5      | Reached skill level 6 in Spellcasting
  6934 | D:5      | Reached XP level 8. HP: 23/56 MP: 0/0
  8070 | D:5      | Engulfed by a cloud of freezing vapour

Illustrated notes

Levels and vault maps discovered:
D:1:      minmay_arrival_shattered_statue, layout_basic, serial_corexii_hall,
          chequers_hall_statues_y, chequers_hall_statues_wall_a,
          chequers_hall_statues_wall_a, chequers_hall_statues_wall_a,
          corexii_hall_statues_l, corexii_hall_statues_i
D:2:      layout_basic, basic_altar, uniq_sigmund
D:3:      layout_basic, serial_shops, shop,
          shapermc_ecumenical_altar_mp_ritualfount
D:4:      layout_basic, serial_shops, shop, kennysheep_decorative_pillar,
          uniq_natasha
D:5:      lemuel_ice_spiral_2, layout_basic

Skill      XL: |  1  2  3  4  5  6  7 |
---------------+----------------------+-----
Spellcasting   | 3 4 5 6 |  6.2
Fighting       | 1 2 3 |  3.4
Stealth        | 2 |  2.1
Armour         | 2 |  2.3
Dodging        | |  2.5

Action                   |  1- 3 |  4- 6 |  7- 9 || total
-------------------------+-------+-------+-------++-------
Melee: Unarmed           |       |       |     4 ||     4
 Cast: Foxfire           |    81 |   142 |    77 ||   300
       Inner Flame       |       |     5 |       ||     5
       Scorch            |       |     4 |     1 ||     5
       Call Imp          |       |     3 |       ||     3
       Sting             |       |     1 |     4 ||     5
       Flame Wave        |       |     1 |       ||     1
Armor: Robe              |     7 |       |       ||     7
       Leather armour    |       |     4 |    16 ||    20
Dodge: Dodged            |    12 |     7 |    28 ||    47

Table legend: (Time is in decaauts)
 A = Elapsed time spent in this place.
 B = Non-inter-level travel time spent in this place.
 C = Inter-level travel time spent in this place.
 D = Time resting spent in this place.
 E = Time spent auto-exploring this place.
 F = Levels seen in this place.
 G = Mean time per level.
                   A        B        C        D        E       F      G
               +--------+--------+--------+--------+--------+-----+--------+
         Total |   8076 |   7592 |    484 |   1027 |   5791 |   5 | 1615.2 |
       Dungeon |   8076 |   7592 |    484 |   1027 |   5791 |   5 | 1615.2 |
               +--------+--------+--------+--------+--------+-----+--------+

Top non-repeatable levels by time:
     D:1: 2369 daAuts
     D:5: 2138 daAuts
     D:2: 1441 daAuts
     D:4: 1254 daAuts
     D:3: 872 daAuts
